 Dungeon Crawl Stone Soup version 0.29.0-4-gdea44cf6ec (webtiles) character file.

Game seed: 6063732421045276155

458 qw the Chopper (level 7, 0/41 HPs)
             Began as a Tengu Warper on Aug 28, 2022.
             Slain by a kobold brigand
             ... wielding a +0 dagger
              (2 damage)
             ... in a sewer.
             The game lasted 00:00:22 (3762 turns).

qw the Chopper (Tengu Warper)                       Turns: 3762, Time: 00:00:22

Health: 0/41       AC:  7    Str: 19    XL:     7   Next: 6%
Magic:  11/11      EV: 12    Int: 14    God:
Gold:   62         SH:  0    Dex: 13    Spells: 10/10 levels left

rFire   . . .      SeeInvis .   Y - +0 hand axe
rCold   . . .      Faith    .   (no shield)
rNeg    . . .      Spirit   .   d - +0 scale mail
rPois   .          Reflect  .   (helmet restricted)
rElec   .          Harm     .   (no cloak)
rCorr   .          Rampage  .   h - +0 pair of gloves
Will    .....                   (boots unavailable)
Stlth   ..........              (no amulet)
HPRegen 0.13/turn               e - +6 ring of strength
MPRegen 0.12/turn               (no ring)

@: flying quickly and evasively, quick
A: beak, talons 3, nimble flight
a: no special abilities


You were in a sewer.
You visited 1 branch of the dungeon, and saw 3 of its levels.
You also visited: Sewer.

You collected 62 gold pieces.


Innate Abilities, Weirdness & Mutations

You have a beak for a mouth.
You have claws for feet.
Your magical nature lets you fly swiftly and evasively.


   Skills:
 - Level 3.6 Fighting
 + Level 7.3 Axes
 - Level 1.0 Throwing
 - Level 1.1 Armour
 - Level 2.1 Dodging
 - Level 2.0 Spellcasting
 - Level 2.4 Translocations


You had 10 spell levels left.
You didn't know any spells.
Your spell library contained the following spells:

 Spells                   Type           Power      Damage    Failure   Level
 Blink                    Tloc           16%        N/A       38%         2
 Gell's Gravitas          Tloc           8%         N/A       63%         3
 Lesser Beckoning         Tloc           8%         N/A       63%         3
 Teleport Other           Tloc           8%         N/A       63%         3
 Manifold Assault         Tloc           8%         N/A       100%        5

Inventory:

Hand Weapons
 a - a +0 whip
 Y - a +0 hand axe (weapon)
Armour
 d - a +0 scale mail (worn)
 h - a +0 pair of gloves (worn)
Jewellery
 e - a +6 ring of strength (left hand)
Scrolls
 g - a scroll of identify
Potions
 b - 2 potions of mutation {unknown}
 c - a potion of resistance
 i - a potion of curing
 j - a potion of magic {unknown}
 k - 2 potions of invisibility {unknown}

Dungeon Overview and Level Annotations

Branches:
Dungeon (3/15)              Sewer (1/1)

Altars:


Message History

The kobold brigand barely misses you.
You barely miss the kobold brigand.
The kobold brigand is moderately wounded.
The kobold brigand closely misses you.
You closely miss the kobold brigand. Your kick misses the kobold brigand.
The kobold brigand is moderately wounded.
The kobold brigand hits you with a +0 dagger.
You closely miss the kobold brigand. Your kick misses the kobold brigand.
The kobold brigand is moderately wounded.
The kobold brigand hits you but does no damage.
You hit the kobold brigand but do no damage.
You claw the kobold brigand.
The kobold brigand is moderately wounded.
The kobold brigand hits you with a +0 dagger.
You hit the kobold brigand.
The kobold brigand is moderately wounded.
The kobold brigand hits you with a +0 dagger.
You barely miss the kobold brigand.
The kobold brigand is moderately wounded.
The kobold brigand hits you with a +0 dagger.
You barely miss the kobold brigand.
The kobold brigand is moderately wounded.
The kobold brigand hits you with a +0 dagger.
You closely miss the kobold brigand. Your kick misses the kobold brigand.
Your peck misses the kobold brigand.
The kobold brigand is moderately wounded.
The kobold brigand closely misses you.
You hit the kobold brigand.
The kobold brigand is moderately wounded.
You closely miss the kobold brigand.
The kobold brigand is moderately wounded.
The kobold brigand closely misses you.
You hit the kobold brigand. Your peck misses the kobold brigand.
The kobold brigand is heavily wounded.
The kobold brigand hits you with a +0 dagger.
You barely miss the kobold brigand. Your kick misses the kobold brigand.
Your peck misses the kobold brigand.
The kobold brigand is heavily wounded.
The kobold brigand hits you with a +0 dagger.
You die...

#~..# #~..## #######
#.~..## #.~~~~#####
#~.~..###
#####~~~~~########~.~.~~~
#.~~~~###~~..~~~####..~~~
####### #~~~~~.~.# ##.~~~
.~~~~###~~~.~~.~####~~..
#.~K@~####~~..##~..~~
.~~~~##### ##~.~.~.~...
### ##~~.~.~~..
#~~......\ #~~~~~~~..
#~~~..~~.\ #######
##~~.~..~.. #.~~~~#####
##~.~.~..~.~
#####~~%~.####~...##~~~.~


You could see a kobold brigand.

Vanquished Creatures
  3 kobold brigands (Sewer)
  A hound (D:2)
  2 orc wizards (D:3)
  5 adders
  3 river rats (Sewer)
  3 worms (Sewer)
  A dart slug (D:1)
  5 orcs
  9 ball pythons
  9 endoplasms
  5 giant cockroaches
  5 goblins
  4 hobgoblins
  5 jackals (D:1)
  10 kobolds
  5 quokkas
  2 bats
  3 frilled lizards (D:2)
  6 rats
86 creatures vanquished.

Vanquished Creatures (others)
  A fungus (D:2)
  A plant (D:2)
2 creatures vanquished.

Grand Total: 88 creatures vanquished

Notes
Turn   | Place    | Note
-------+----------+-------------------------------------------
     0 | D:1      | qw the Tengu Warper began the quest for the Orb.
     0 | D:1      | Reached XP level 1. HP: 12/12 MP: 4/4
     0 | D:1      | 0 ||| qw: Version: 0.1-a-89-g26bdef1
     0 | D:1      | 0 ||| qw: Game counter: 65
     0 | D:1      | 0 ||| qw: Always use a shield: true
     0 | D:1      | 0 ||| qw: God list: Okawaru
     0 | D:1      | 0 ||| qw: Allow faded altars: false
     0 | D:1      | 0 ||| qw: Do Orc after D:15 true
     0 | D:1      | 0 ||| qw: Do second Lair branch before Depths: true
     0 | D:1      | 0 ||| qw: Lair rune preference: random
     0 | D:1      | 0 ||| qw: Plans: Normal
     0 | D:1      | 0 ||| PLANNING D:1-11
    23 | D:1      | 23 ||| Stepping ~*~*~tactically~*~*~ (stealth).
    27 | D:1      | 27 ||| Stepping ~*~*~tactically~*~*~ (stealth).
    33 | D:1      | 33 ||| Stepping ~*~*~tactically~*~*~ (stealth).
    36 | D:1      | 36 ||| Stepping ~*~*~tactically~*~*~ (stealth).
    37 | D:1      | 37 ||| Stepping ~*~*~tactically~*~*~ (stealth).
    40 | D:1      | 40 ||| Stepping ~*~*~tactically~*~*~ (stealth).
    46 | D:1      | Reached XP level 2. HP: 17/17 MP: 6/6
    53 | D:1      | Reached skill level 3 in Axes
   219 | D:1      | You fall into a shaft and drop 1 floor!
   312 | D:2      | 312 ||| Stepping ~*~*~tactically~*~*~ (stealth).
   313 | D:2      | 313 ||| Stepping ~*~*~tactically~*~*~ (stealth).
   315 | D:2      | 315 ||| Stepping ~*~*~tactically~*~*~ (stealth).
   330 | D:2      | 330 ||| Stepping ~*~*~tactically~*~*~ (stealth).
   504 | D:2      | 504 ||| UPGRADING to +0 scale mail.
   514 | D:2      | 514 ||| DROPPING +0 leather armour.
   515 | D:2      | 515 ||| UPGRADING to +6 ring of strength.
   516 | D:2      | 516 ||| READING scroll labelled ESISKE EQASS.
   521 | D:2      | 521 ||| DROPPING scroll of blinking.
   555 | D:1      | 555 ||| Stepping ~*~*~tactically~*~*~ (stealth).
   626 | D:1      | 626 ||| Stepping ~*~*~tactically~*~*~ (hiding).
   636 | D:1      | Reached XP level 3. HP: 21/21 MP: 7/7
   655 | D:1      | 655 ||| DROPPING +0 club.
   828 | D:1      | 828 ||| Stepping ~*~*~tactically~*~*~ (stealth).
   841 | D:1      | Reached skill level 4 in Axes
   886 | D:1      | 886 ||| Stepping ~*~*~tactically~*~*~ (stealth).
   888 | D:1      | 888 ||| Stepping ~*~*~tactically~*~*~ (stealth).
  1126 | D:1      | 1126 ||| UPGRADING to +0 pair of gloves.
  1131 | D:1      | 1131 ||| READING scroll labelled RAUKORPH UPPAM.
  1132 | D:1      | 1132 ||| DRINKING 2 glowing emerald potions.
  1133 | D:1      | 1133 ||| DRINKING 2 glowing white potions.
  1134 | D:1      | 1134 ||| DROPPING potion of brilliance.
  1258 | D:2      | Reached XP level 4. HP: 26/26 MP: 8/8
  1269 | D:2      | 1269 ||| Stepping ~*~*~tactically~*~*~ (stealth).
  1270 | D:2      | 1270 ||| Stepping ~*~*~tactically~*~*~ (stealth).
  1464 | D:2      | 1464 ||| Stepping ~*~*~tactically~*~*~ (stealth).
  1465 | D:2      | 1465 ||| Stepping ~*~*~tactically~*~*~ (stealth).
  1797 | D:2      | Reached skill level 5 in Axes
  1977 | D:2      | Found a faded altar of an unknown god.
  2172 | D:2      | 2172 ||| READING scroll labelled DICHIY JAITTILL.
  2173 | D:2      | 2173 ||| READING 3 scrolls labelled SUENOA SUIQYXT.
  2174 | D:2      | 2174 ||| DRINKING 2 cyan potions.
  2175 | D:2      | 2175 ||| READING 2 scrolls of identify.
  2175 | D:2      | 2175 ||| IDENTIFYING murky dark potion
  2176 | D:2      | 2176 ||| DROPPING potion of degeneration.
  2225 | D:3      | 2225 ||| PLANNING SEWER
  2227 | D:3      | 2227 ||| Stepping ~*~*~tactically~*~*~ (hiding).
  2233 | D:3      | 2233 ||| DRINKING potion of curing.
  2233 | D:3      | 2233 ||| (to cure confusion)
  2268 | D:3      | Gained mutation: Your magical nature lets you fly swiftly
                  | and evasively. [Tengu growth]
  2268 | D:3      | Reached XP level 5. HP: 18/30 MP: 9/9
  2684 | D:3      | Found a glowing drain.
  2685 | D:3      | 2685 ||| READING scroll labelled FEFOLU PAOFF.
  2797 | D:3      | Reached skill level 6 in Axes
  2827 | Sewer    | Entered a sewer
  2850 | Sewer    | Noticed a kobold brigand
  2861 | Sewer    | Killed a kobold brigand
  2862 | Sewer    | Reached XP level 6. HP: 30/35 MP: 10/10
  2993 | Sewer    | Reached skill level 7 in Axes
  3598 | Sewer    | Reached skill level 3 in Fighting
  3598 | Sewer    | Reached XP level 7. HP: 32/41 MP: 11/11
  3756 | Sewer    | HP: 10/41 [kobold brigand/+0 dagger (2)]
  3757 | Sewer    | HP: 4/41 [kobold brigand/+0 dagger (6)]
  3761 | Sewer    | HP: 1/41 [kobold brigand/+0 dagger (3)]
  3762 | Sewer    | Slain by a kobold brigand

Levels and vault maps discovered:
D:1:      minmay_arrival_four_loops, layout_basic, serial_shops, shop_statue,
          minmay_3d_cube
D:2:      layout_loops_corners, shapermc_ecumenical_altar_rom_forum,
          kennysheep_generic_room_11
D:3:      minmay_thinvault, layout_basic, grunt_temple_overflow_cloverleaf,
          gup_sewer_entry_glass
Sewer:    sewer_co_tree

Skill      XL: |  1  2  3  4  5  6 |
---------------+-------------------+-----
Axes           | 3 4 5 6 7 |  7.3
Fighting       | 3 |  3.6
Throwing       | |  1.0
Armour         | |  1.1
Dodging        | |  2.1
Spellcasting   | |  2.0
Translocations | |  2.4

Action                   |  1- 3 |  4- 6 |  7- 9 || total
-------------------------+-------+-------+-------++-------
Melee: Hand axe          |    73 |   136 |    24 ||   233
       Kick              |    13 |    44 |     3 ||    60
       Peck              |     9 |    24 |     1 ||    34
       Punch             |       |     2 |     1 ||     3
Throw: Boomerang         |     7 |    27 |       ||    34
  Use: Scroll            |     2 |     4 |       ||     6
       Potion            |     2 |     2 |       ||     4
Armor: Leather armour    |     4 |       |       ||     4
       Scale mail        |    10 |    21 |     1 ||    32
Dodge: Dodged            |    37 |    51 |     5 ||    93

Table legend:
 A = Non-vault XP
 B = Vault XP
 C = Vault XP percentage of total XP
 D = Non-vault monster count
 E = Vault monster count
 F = Vault count percentage of total count
                 A         B        C        D         E       F
            +---------+---------+-------+---------+---------+-------
      Total |     194 |     461 |  70.4 |      48 |      38 |  44.2
            +---------+---------+-------+---------+---------+-------
        D:1 |      39 |       5 |  11.4 |      21 |       3 |  12.5
        D:2 |      76 |       0 |   0.0 |      22 |       0 |   0.0
        D:3 |      79 |      39 |  33.1 |       5 |       8 |  61.5
      Sewer |       0 |     417 | 100.0 |       0 |      27 | 100.0
            +---------+---------+-------+---------+---------+-------
